 Dungeon Crawl Stone Soup version 0.30-a0-159-g068b764562 (webtiles) character file.

Game seed: 14039236060210137366

26682 ragingrage the Brawler (level 13, 0/133 HPs)
             Began as a Troll Fighter on Sept 28, 2022.
             Was an Elder of Sif Muna.
             Slain by an eight-headed hydra (8 damage)
             ... on level 3 of the Lair of Beasts.
             The game lasted 00:19:22 (15078 turns).

ragingrage the Brawler (Troll Fighter)             Turns: 15078, Time: 00:19:22

Health: 0/133      AC:  8    Str: 31    XL:     13   Next: 0%
Magic:  14/14      EV:  9    Int:  4    God:    Sif Muna [****..]
Gold:   898        SH:  9    Dex:  9    Spells: 12/12 levels left

rFire   + . .      SeeInvis .      - Unarmed
rCold   + . .      Faith    .    b - +0 kite shield
rNeg    . . .      Spirit   .    N - +0 troll leather armour
rPois   .          Reflect  .    (helmet restricted)
rElec   +          Harm     .    q - +1 cloak
rCorr   +          Rampage  .    (gloves unavailable)
Will    .....                    (boots unavailable)
Stlth   +.........               t - amulet of magic regeneration
HPRegen 1.92/turn                O - ring of the Sheltering Gods {rElec rF+ rC+ rCorr}
MPRegen 0.54/turn                (no ring)

@: no status effects
A: large, unfitting armour, claws 3, regeneration 1, shaggy fur 1, tough skin 1
a: Renounce Religion, Channel Magic, Forget Spell, Divine Exegesis


You were on level 3 of the Lair of Beasts.
You worshipped Sif Muna.
Sif Muna was greatly pleased with you.
You visited 3 branches of the dungeon, and saw 16 of its levels.
You also visited: Bailey.

You collected 1338 gold pieces.
You spent 440 gold pieces at shops.

Inventory:

Hand Weapons
 G - the +7 mace of Kuotyor {vorpal, Str+3}
   (You found it on level 8 of the Dungeon)

   It inflicts extra damage upon your enemies.
   Str:       It affects your strength (+3).
 H - a +5 arbalest
 K - a +3 scimitar
Missiles
 m - 31 poisoned darts (quivered)
 C - 10 boomerangs
 E - 8 curare-tipped darts
 M - 4 throwing nets
 S - a large rock
 X - 2 javelins
Armour
 b - a +0 kite shield (worn)
 q - a +1 cloak (worn)
 I - a +1 robe of positive energy
 N - a +0 troll leather armour (worn)
Jewellery
 d - a ring of fire
 t - an amulet of magic regeneration (around neck)
 O - the ring of the Sheltering Gods (left claw) {rElec rF+ rC+ rCorr}
   (You acquired it on level 11 of the Dungeon)

   [ring of resist corrosion]

   rF:        It protects you from fire.
   rC:        It protects you from cold.
   rElec:     It insulates you from electricity.
   rCorr:     It protects you from acid and corrosion.
 W - a ring of fire
Wands
 x - a wand of light (11)
 P - a wand of mindburst (8)
 R - a wand of polymorph (3)
 U - a wand of charming (4)
Scrolls
 a - a scroll of fog
 f - 4 scrolls of brand weapon
 i - 7 scrolls of magic mapping
 k - 3 scrolls of immolation
 l - 2 scrolls of poison
 n - 3 scrolls of enchant armour
 o - 5 scrolls of amnesia
 r - 4 scrolls of identify
 v - 4 scrolls of teleportation
 D - 3 scrolls of blinking
 J - a scroll of vulnerability {unknown}
 L - a scroll of fear {unknown}
 T - a scroll of noise {unknown}
 Y - 2 scrolls of enchant weapon
Potions
 c - 5 potions of might
 e - 2 potions of ambrosia
 g - 2 potions of resistance
 j - 2 potions of brilliance
 p - 4 potions of flight
 s - 8 potions of curing
 u - 3 potions of mutation
 w - 2 potions of heal wounds
 z - 4 potions of lignification
 A - a potion of degeneration {unknown}
 B - a potion of berserk rage {unknown}
 F - 4 potions of haste {unknown}
 V - a potion of invisibility {unknown}
 Z - a potion of cancellation {unknown}
Miscellaneous
 h - a condenser vane (inert)
 Q - a box of beasts (inert)


   Skills:
 + Level 10.1 Fighting
 * Level 5.3 Throwing
 + Level 2.2 Armour
 + Level 3.5 Dodging
 + Level 7.1 Shields
 + Level 17.7 Unarmed Combat
 + Level 3.7 Invocations


You had 12 spell levels left.
You didn't know any spells.
Your spell library contained the following spells:

 Spells                   Type           Power      Damage    Failure   Level
 Kiss of Death            Conj/Necr      0%         2d5       78%         1
 Summon Small Mammal      Summ           0%         N/A       78%         1
 Call Canine Familiar     Summ           0%         N/A       98%         3
 Confusing Touch          Hex            0%         N/A       98%         3
 Dazzling Flash           Conj/Hex       0%         N/A       98%         3
 Gell's Gravitas          Tloc           0%         N/A       98%         3
 Lesser Beckoning         Tloc           0%         N/A       98%         3
 Summon Guardian Golem    Hex/Summ       0%         N/A       98%         3
 Teleport Other           Tloc           0%         N/A       98%         3
 Tukima's Dance           Hex            0%         N/A       98%         3
 Dispel Undead            Necr           0%         3d6       100%        4
 Iskenderun's Mystic Bla  Conj/Tloc      0%         2d3       100%        4
 Passage of Golubria      Tloc           0%         N/A       100%        4
 Summon Ice Beast         Ice/Summ       0%         N/A       100%        4
 Freezing Cloud           Conj/Ice/Air   0%         6-21      100%        5
 Summon Mana Viper        Hex/Summ       0%         N/A       100%        5
 Yara's Violent Unravell  Hex/Tmut       0%         3d3       100%        5
 Simulacrum               Ice/Necr       0%         N/A       100%        6
 Starburst                Conj/Fire      0%         6d3       100%        6
 Monstrous Menagerie      Summ           0%         N/A       100%        7
 Polar Vortex             Ice            0%         N/A       100%        9


Dungeon Overview and Level Annotations

Branches:
Dungeon (12/15)            Temple (1/1) D:7            Lair (3/5) D:8
 Spider (0/4) Lair:2       Bailey (visited)
  Swamp: Lair:2-3    Shoals: Lair:2-3       Orc: D:9-12

Altars:
Ashenzari
Elyvilon
Fedhas
Gozag
Kikubaaqudgha
Makhleb
Nemelex Xobeh
Okawaru
Qazlal
Sif Muna
Xom
Yredelemnul
The Shining One

Shops:
D:7 *


Innate Abilities, Weirdness & Mutations

You are too large for most types of armour.
You have claws for hands.
Your natural rate of healing is unusually fast.
You are covered in fur. (AC +1)
You have tough skin. (AC +1)


Message History

The eight-headed hydra barely misses you.
The eight-headed hydra bites you but does no damage.
The eight-headed hydra bites you.
You block the eight-headed hydra's attack.
The eight-headed hydra misses you.
The eight-headed hydra barely misses you.
You block the eight-headed hydra's attack.
Throw: 3 large rocks
Press: ? - help, Shift-Dir - straight line, f/p - eight-headed hydra
Aim: an eight-headed hydra (heavily wounded, blind, 80% to hit)
You throw a large rock.
The large rock hits the eight-headed hydra.
The eight-headed hydra is heavily wounded.
The eight-headed hydra bites you. x2; The eight-headed hydra bites you! x2
You block the eight-headed hydra's attack.
The eight-headed hydra barely misses you. x2
The eight-headed hydra bites you but does no damage.
The eight-headed hydra bites you! x2
The eight-headed hydra bites you but does no damage.
The eight-headed hydra bites you!
The eight-headed hydra bites you but does no damage.
The eight-headed hydra bites you!
* * * LOW HITPOINT WARNING * * *
The eight-headed hydra bites you.
* * * LOW HITPOINT WARNING * * *
The eight-headed hydra bites you but does no damage.
Unknown command.
Throw: 2 large rocks
Press: ? - help, Shift-Dir - straight line, f/p - eight-headed hydra
Aim: an eight-headed hydra (heavily wounded, blind, 80% to hit)
You throw a large rock.
The large rock barely misses the eight-headed hydra.
The eight-headed hydra is no longer blind.
The eight-headed hydra bites you!
* * * LOW HITPOINT WARNING * * *
The eight-headed hydra bites you!
* * * LOW HITPOINT WARNING * * *
The eight-headed hydra bites you but does no damage.
The eight-headed hydra bites you!
You die...

###.......## #
###......#### ##
#.#.)......# .#
#.#........### .#
####....#..#.# ##
#####.......### ###### ##
#.P####.......########..♣.#
.#####.##
##......PP#........♣♣
........##
###).@D(.†..(#♣♣♣..♣
##...##..###.......#.####
♣...~~~
#######............###
♣♣≈(~~~ ##(.....###...#
♣♣~≈~≈ # ###..#.####
#...#### ...~~ # ##.#.####
##...#.## ♣...♣ # #..>..#
##.......#♣♣ ♣♣..§
###.....## #..........♣ ♣♣♣
#.#.#...# ####..####...[♣


You could see an eight-headed hydra.

Vanquished Creatures
  2 two-headed ogres (D:12)
  Lodul (D:10)
  Pikel (D:5)
  A manticore (D:11)
  A cyclops (D:12)
  An elephant (Lair:3)
  A black mamba (Lair:1)
  5 cane toads
  6 komodo dragons
  2 gargoyles
  An unseen horror (D:11)
  A merfolk (D:10)
  A polar bear (Lair:2)
  3 trolls
  Prince Ribbit (D:5)
  7 blink frogs
  3 culicivoras (Lair:2)
  2 jumping spiders (Lair:2)
  A vampire (Bailey)
  A wraith (D:11)
  A basilisk (Lair:1)
  29 yaks
  Grum (D:9)
  6 wyverns
  3 redbacks (Lair:2)
  2 steam dragons (D:9)
  A swamp worm (Lair:3)
  6 water moccasins
  Duvessa (D:5)
  3 orc warriors
  2 sky beasts
  3 black bears
  An ice beast (D:4)
  7 centaurs
  10 ogres
  19 wolves
  2 phantoms
  5 kobold brigands
  A necrophage (D:7)
  A gnoll sergeant (D:10)
  9 bullfrogs
  4 scorpions
  12 wights
  Dowan (D:5)
  2 howler monkeys
  2 electric eels (Lair:3)
  8 vampire bats (Bailey)
  5 wolf zombies (Bailey)
  2 lava snakes (Lair:3)
  3 hounds
  A jelly (D:6)
  3 gnoll boudas
  6 orc priests
  3 iguanas
  7 orc wizards
  21 gnolls
  4 adders
  A shadow imp (D:7)
  A white imp (D:5)
  3 worms
  34 orcs
  4 endoplasms
  3 giant cockroaches
  3 hobgoblins
  3 quokkas
  12 ball pythons
  7 bats
  A frilled lizard (D:2)
  7 goblins
  30 kobolds
  20 orc zombies (Bailey)
  5 rats
  A spectral goblin (D:2)
374 creatures vanquished.

Vanquished Creatures (collateral kills)
  3 elephants (Lair:3)
  A cane toad (Lair:3)
4 creatures vanquished.

Vanquished Creatures (others)
  3 bushes (D:8)
  5 fungi
  54 plants
62 creatures vanquished.

Grand Total: 440 creatures vanquished

Notes
Turn   | Place    | Note
-------+----------+-------------------------------------------
     0 | D:1      | ragingrage the Troll Fighter began the quest for the Orb.
     0 | D:1      | Reached XP level 1. HP: 22/22 MP: 0/0
   224 | D:1      | Reached skill level 3 in Unarmed Combat
   224 | D:1      | Reached XP level 2. HP: 26/29 MP: 1/1
   810 | D:2      | Reached XP level 3. HP: 36/36 MP: 2/2
   931 | D:2      | Reached skill level 4 in Unarmed Combat
  1219 | D:2      | Found a faded altar of an unknown god.
  1675 | D:2      | Identified the +3 ring mail of the Gastropod {Str+6}
  1893 | D:3      | Identified a scroll of acquirement
  1893 | D:3      | Acquired a manual of Unarmed Combat
  1991 | D:3      | Reached XP level 4. HP: 43/44 MP: 3/3
  2426 | D:4      | Noticed an ice beast
  2432 | D:4      | Killed an ice beast
  2433 | D:4      | Reached skill level 6 in Unarmed Combat
  2433 | D:4      | Reached XP level 5. HP: 42/50 MP: 4/4
  2524 | D:4      | Noticed a phantom
  2530 | D:4      | Killed a phantom
  2531 | D:4      | Reached skill level 7 in Unarmed Combat
  2569 | D:4      | Reached skill level 8 in Unarmed Combat
  2569 | D:4      | Reached XP level 6. HP: 59/59 MP: 5/5
  2748 | D:4      | Reached skill level 9 in Unarmed Combat
  3017 | D:5      | Entered Level 5 of the Dungeon
  3197 | D:5      | Found a white marble altar of Elyvilon.
  3199 | D:5      | Noticed Duvessa
  3199 | D:5      | Noticed Dowan
  3207 | D:5      | Killed Duvessa
  3208 | D:5      | Reached skill level 10 in Unarmed Combat
  3208 | D:5      | Reached XP level 7. HP: 53/66 MP: 6/6
  3224 | D:5      | Killed Dowan
  3279 | D:5      | Noticed Prince Ribbit
  3288 | D:5      | Killed Prince Ribbit
  3289 | D:5      | Reached skill level 11 in Unarmed Combat
  3547 | D:5      | Reached skill level 12 in Unarmed Combat
  3678 | D:5      | Noticed Pikel
  3698 | D:5      | Killed Pikel
  3699 | D:5      | Reached skill level 14 in Unarmed Combat
  3699 | D:5      | Reached XP level 8. HP: 49/74 MP: 7/7
  4496 | D:7      | Reached XP level 9. HP: 83/84 MP: 8/8
  4826 | D:7      | Found Koutasug's General Store.
  4901 | D:7      | Reached skill level 5 in Fighting
  5155 | D:7      | Reached skill level 15 in Unarmed Combat
  5459 | D:7      | Found a staircase to the Ecumenical Temple.
  5565 | Temple   | Entered the Ecumenical Temple
  5659 | Temple   | Became a worshipper of Sif Muna the Loreminder
  5978 | D:8      | Reached XP level 10. HP: 100/100 MP: 9/9
  6002 | D:8      | Found a flagged portal.
  6014 | Bailey   | Entered a bailey
  6080 | Bailey   | Reached * piety under Sif Muna
  6305 | Bailey   | Reached ** piety under Sif Muna
  6341 | Bailey   | Noticed a gargoyle
  6349 | Bailey   | Killed a gargoyle
  6390 | Bailey   | Reached skill level 16 in Unarmed Combat
  6536 | D:8      | Identified the +7 mace of Kuotyor {vorpal, Str+3}
  6562 | D:8      | Identified the +2 scale mail of the Curious Moons {rF+
                  | Will+ Str-2 Int+5}
  6742 | D:8      | Found a staircase to the Lair.
  7649 | D:9      | Noticed Grum
  7661 | D:9      | Reached *** piety under Sif Muna
  7667 | D:9      | Killed Grum
  7674 | D:9      | Reached XP level 11. HP: 82/113 MP: 10/10
  7966 | D:10     | Entered Level 10 of the Dungeon
  8123 | D:9      | Found an opulent altar of Gozag.
  8414 | D:10     | Noticed Lodul
  8729 | D:7      | Bought a condenser vane for 440 gold pieces
  8930 | D:10     | Killed Lodul
  9124 | D:10     | Reached **** piety under Sif Muna
  9792 | D:11     | Reached skill level 17 in Unarmed Combat
  9838 | D:11     | Reached skill level 5 in Shields
 10107 | D:11     | Acquired the ring of the Sheltering Gods {rElec rF+ rC+
                  | rCorr}
 10727 | D:12     | Noticed a two-headed ogre
 10739 | D:12     | Killed a two-headed ogre
 11145 | D:12     | Reached skill level 1 in Invocations
 11207 | D:12     | Noticed a two-headed ogre
 11213 | D:12     | Killed a two-headed ogre
 11214 | D:12     | Reached skill level 1 in Throwing
 11348 | D:12     | Noticed a five-headed hydra
 11504 | Lair:1   | Entered Level 1 of the Lair of Beasts
 11525 | D:8      | Reached XP level 12. HP: 40/124 MP: 12/12
 13063 | Lair:2   | Reached skill level 1 in Armour
 13106 | Lair:2   | Found a hole to the Spider Nest.
 13133 | Lair:2   | Reached ***** piety under Sif Muna
 13214 | Lair:2   | Reached skill level 10 in Fighting
 14129 | Lair:3   | Reached skill level 5 in Throwing
 15055 | Lair:3   | Noticed an eight-headed hydra
 15076 | Lair:3   | Reached XP level 13. HP: 99/133 MP: 14/14
 15078 | Lair:3   | Slain by an eight-headed hydra

Illustrated notes

Levels and vault maps discovered:
D:1:      ncdulo_halloftheorcs, layout_loops_cross, minmay_misc_feat_nine_boxes
D:2:      layout_basic, dreamdust_ecumenical_altar_drowned_temple
D:3:      layout_loops_ring
D:4:      layout_loops_ring
D:5:      layout_gridville, lemuel_round_altar, serial_bayou_pond_e, hex_medium,
          uniq_duvessa, uniq_pikel, uniq_prince_ribbit1
D:6:      layout_cave_pools
D:7:      layout_basic, minmay_temple_entry_enclosed_plants, serial_shops,
          nicolae_shop_hallway_plus
D:8:      layout_rooms, minmay_lair_entry_grove, enter_bailey_5
D:9:      layout_long_grid, grunt_gozag_statues, uniq_grum
D:10:     layout_gridville, hangedman_fish_farm, uniq_lodul
D:11:     layout_basic, chequers_serial_rivers_room_b, dk_vineyard_1,
          serial_bayou_crossing
D:12:     layout_grid_maze, orc_0_dummy, abandoned_shop
Temple:   nicolae_temple_slightly_damp_pantheon
Lair:1:   layout_cave_pods, nicolae_quartered_pool_little, serial_bayou_pond_b,
          grunt_megastairs_5, serial_bayou_shore_a
Lair:2:   layout_long_grid, nicolae_spider_entry_tight_spaces, serial_forest,
          infiniplex_forest_clump_C, infiniplex_forest_straight_2,
          infiniplex_forest_end_1, infiniplex_forest_straight_1,
          infiniplex_forest_clump_long, infiniplex_forest_clump_double,
          infiniplex_forest_clump_long
Lair:3:   layout_layer_cave, palyth_hydra_swamp_entry,
          nicolae_lair_liquid_snakes

Skill      XL: |  1  2  3  4  5  6  7  8  9 10 11 12 |
---------------+-------------------------------------+-----
Unarmed Combat | 3 4 6 8 10 14 15 16 17 | 17.7
Fighting       | 4 6 8 9 10 | 10.1
Shields        | 3 6 7 |  7.1
Invocations    | 1 3 |  3.7
Throwing       | 1 5 |  5.3
Armour         | 2 |  2.2
Dodging        | 3 |  3.5

Action                   |  1- 3 |  4- 6 |  7- 9 | 10-12 | 13-15 || total
-------------------------+-------+-------+-------+-------+-------++-------
Melee: Unarmed           |   115 |    72 |   224 |   602 |       ||  1013
Throw: Dart              |       |       |     2 |    49 |       ||    51
       Javelin           |       |       |       |     2 |       ||     2
       Large rock        |       |       |       |       |     3 ||     3
 Cast: Polar Vortex      |       |       |       |     1 |       ||     1
Invok: Divine Exegesis   |       |       |       |     1 |       ||     1
Evoke: Wand              |       |       |       |    11 |       ||    11
       Box of beasts     |       |       |       |     1 |       ||     1
       Condenser vane    |       |       |       |     1 |       ||     1
  Use: Scroll            |     1 |     4 |     5 |    11 |       ||    21
       Potion            |       |     1 |     1 |     6 |       ||     8
 Stab: Invisible         |       |       |       |     3 |       ||     3
Armor: Robe              |    33 |    15 |    73 |    82 |       ||   203
       Troll leather arm |       |       |       |    65 |     6 ||    71
Dodge: Dodged            |    39 |    21 |    70 |   200 |     5 ||   335
Block: Kite shield       |    38 |    14 |    69 |   197 |     3 ||   321

Table legend: (Time is in decaauts)
 A = Elapsed time spent in this place.
 B = Non-inter-level travel time spent in this place.
 C = Inter-level travel time spent in this place.
 D = Time resting spent in this place.
 E = Time spent auto-exploring this place.
 F = Levels seen in this place.
 G = Mean time per level.
                   A        B        C        D        E       F      G
               +--------+--------+--------+--------+--------+-----+--------+
         Total |  14999 |  13947 |   1052 |   2013 |   9036 |  17 |  882.3 |
       Dungeon |  10954 |   9983 |    971 |   1216 |   6652 |  12 |  912.8 |
        Temple |    108 |     86 |     22 |      0 |     74 |   1 |  108.0 |
          Lair |   3444 |   3386 |     58 |    743 |   2086 |   3 | 1148.0 |
        Bailey |    492 |    492 |      0 |     54 |    224 |   1 |  492.0 |
               +--------+--------+--------+--------+--------+-----+--------+

Top non-repeatable levels by time:
     D:7: 1354 daAuts
    D:10: 1330 daAuts
  Lair:2: 1315 daAuts
     D:9: 1222 daAuts
     D:8: 1161 daAuts
  Lair:1: 1135 daAuts
    D:11: 1041 daAuts
  Lair:3: 993 daAuts
     D:2: 934 daAuts
     D:5: 900 daAuts
     D:1: 777 daAuts
     D:4: 690 daAuts
     D:3: 627 daAuts
  Bailey: 492 daAuts
     D:6: 488 daAuts
